 Dungeon Crawl Stone Soup version 0.31-a0-1616-gbeaec30b81 (webtiles) character file.

Game seed: 6515325657767934691

283 ragingrage the Slasher (level 6, -13/49 HPs)
             Began as a Formicid Warper on Jan 10, 2024.
             Was an Initiate of Ru.
             Mangled by a wyvern (14 damage)
             ... on level 4 of the Dungeon.
             The game lasted 00:04:34 (4172 turns).

ragingrage the Slasher (Formicid Warper)            Turns: 4172, Time: 00:04:34

Health: -13/49     AC:  6    Str: 15    XL:     6   Next: 54%
Magic:  9/9        EV: 11    Int: 13    God:    Ru [......]
Gold:   154        SH:  0    Dex: 15    Spells: 9/9 levels left

rFire   . . .        t - +0 long sword
rCold   . . .        (no shield)
rNeg    + . .        u - +0 ring mail
rPois   .            (helmet unavailable)
rElec   .            (no cloak)
rCorr   .            j - +0 pair of gloves
SInv    +            (no boots)
Will    .....        (no amulet)
Stlth   +            k - ring of positive energy
HPRegen 0.28/turn    (no ring)
MPRegen 0.11/turn

%: no passive effects
@: no status effects
A: permanent stasis, dig shafts and tunnels, antennae 3, four strong arms
a: Dig, Shaft Self, Renounce Religion


You were on level 4 of the Dungeon.
You worshipped Ru.
Ru was noncommittal.
You visited 1 branch of the dungeon, and saw 5 of its levels.

You collected 154 gold pieces.

Inventory:

Hand Weapons
 a - a +2 hand cannon of flaming
 b - a +2 dagger of venom
 t - a +0 long sword (weapon)
Missiles
 c - 4 darts of dispersal (quivered)
 i - 15 poisoned darts
Armour
 j - a +0 pair of gloves (worn)
 u - a +0 ring mail (worn)
Jewellery
 k - a ring of positive energy (left hand)
Wands
 v - a wand of flame (1)
Scrolls
 d - a scroll of immolation {unknown}
 e - a scroll of amnesia
 f - a scroll of fog {unknown}
 g - a scroll of noise {unknown}
 l - 3 scrolls of identify {unknown}
 m - 2 scrolls of vulnerability {unknown}
 n - a scroll of enchant weapon {unknown}
 o - 2 scrolls of teleportation {unknown}
Potions
 h - a potion of curing {unknown}
 p - a potion of might
 q - a potion of enlightenment {unknown}


   Skills:
 + Level 4.3 Fighting
 * Level 5.3 Long Blades
 - Level 1.0 Throwing
 - Level 1.1 Armour
 - Level 1.7 Dodging
 - Level 2.1 Spellcasting
 - Level 2.6 Translocations


You had 9 spell levels left.
You didn't know any spells.
Your spell library contained the following spells:

 Spells                   Type           Power      Damage    Failure   Level
 Lesser Beckoning         Tloc           16%        N/A       26%         2
 Teleport Other           Tloc           8%         N/A       45%         3
 Manifold Assault         Tloc           8%         N/A       86%         4
 Leda's Liquefaction      Alch/Erth      0%         N/A       99%         4
 Lee's Rapid Deconstruct  Erth           0%         3d4*      100%        5
 Bombard                  Conj/Erth      0%         9d1       100%        6
 Blink                    Tloc           Unusable   N/A       N/A         2
 Vhi's Electric Charge    Tloc/Air       Unusable   N/A       N/A         4

Dungeon Overview and Level Annotations

Branches:
Dungeon (5/15)
 Temple: D:4-7

Altars:
Dithmenos
Kikubaaqudgha
Makhleb
Nemelex Xobeh
Ru
Vehumet
Wu Jian

Annotations:
D:3 1 runed translucent door, Crazy Yiuf
D:4 exclusion: downstairs
D:5 Edmund


Innate Abilities, Weirdness & Mutations

You cannot be hasted, slowed, berserked, paralysed or teleported.
You can dig through walls and to a lower floor.
You have a pair of large antennae on your head. (SInv)
Your four strong arms can wield two-handed weapons with a shield.


Message History

Okay, then.
As you read the scroll labelled REPRIEP GEGUWIEXA, it crumbles to dust.
It is a scroll of amnesia.
You feel forgetful for a moment.
Throw: 6 darts (disperse)
Press: ? - help, Q - select action, (/) - cycle Shift-Dir - straight line, f/p - wyvern
Aim: a wyvern (lightly wounded, poisoned, 57% to hit)
You throw a dart of dispersal.
The dart of dispersal barely misses the wyvern.
Throw: 5 darts (disperse)
Press: ? - help, Q - select action, (/) - cycle Shift-Dir - straight line, f/p - wyvern
Aim: a wyvern (lightly wounded, poisoned, 57% to hit)
You throw a dart of dispersal. The dart of dispersal hits the wyvern.
The wyvern blinks!
Okay, then.
Okay, then.
You feel much better.
It was a potion of berserk rage.
Your stasis prevents you from going berserk.
The wyvern looks more healthy.
You hit the wyvern.
The wyvern is poisoned.
The wyvern closely misses you. The wyvern bites you!
You hit the wyvern. The wyvern bites you.
Your +2 dagger of venom stops dripping with poison.
Your +2 hand cannon of flaming bursts into flame!
a - a +2 hand cannon of flaming (weapon)
The wyvern completely misses you.
You shoot a bolt.
The bolt hits the wyvern but does no damage.
The wyvern bites you!
* * * LOW HITPOINT WARNING * * *
The wyvern bites you but does no damage.
The wyvern bites you.
* * * LOW HITPOINT WARNING * * *
Your +2 hand cannon of flaming stops flaming.
t - a +0 long sword (weapon)
You hit the wyvern. The wyvern bites you.
* * * LOW HITPOINT WARNING * * *
The wyvern bites you!
You die...

#..##..........##########....##
##.................####......##
#.....................<.......
##......##...###..............
##..######...######.....##....
#..## ##...# ##....####....
#..# ##..###....## #.... ##.##
#.k.#...### ##.... #..#
#.@....## #...## ###..###
##°...## #..### .......##
#...## ##..# # #..##...## #..##
#..## ..####...## ##..# #..#
..# ##...### #...# ##..# .##
###...###..## #..### .#
##...#...# ######....### ##
##......####............


You could see a wyvern (very poisoned).

Vanquished Creatures
  A howler monkey (D:4)
  A crimson imp (D:4)
  An iguana (D:4)
  Natasha (twice) (D:4)
  Robin (D:2)
  3 adders (D:2)
  3 dart slugs
  3 orcs (D:4)
  5 ball pythons
  8 endoplasms
  3 giant cockroaches
  16 goblins
  6 hobgoblins
  4 jackals (D:2)
  5 quokkas
  3 bats
  4 frilled lizards
  10 kobolds
  5 rats
84 creatures vanquished.

Notes
Turn   | Place    | Note
-------+----------+-------------------------------------------
     0 | D:1      | ragingrage the Formicid Warper began the quest for the Orb.
     0 | D:1      | Reached XP level 1. HP: 16/16 MP: 3/3
   283 | D:1      | Reached XP level 2. HP: 16/23 MP: 5/5
   743 | D:1      | Reached XP level 3. HP: 27/28 MP: 6/6
   758 | D:1      | Reached skill level 3 in Long Blades
  1232 | D:2      | Found a faded altar of an unknown god.
  1467 | D:2      | Reached XP level 4. HP: 35/35 MP: 7/7
  1478 | D:2      | Noticed Robin
  1489 | D:2      | Killed Robin
  1718 | D:2      | Reached skill level 4 in Long Blades
  2003 | D:3      | Reached XP level 5. HP: 41/41 MP: 8/8
  2379 | D:3      | Found a runed translucent door.
  2380 | D:3      | Noticed Crazy Yiuf
  2786 | D:4      | Found an ornate altar of the Wu Jian Council.
  3058 | D:4      | Noticed Natasha
  3065 | D:4      | Killed Natasha
  3083 | D:4      | Noticed Natasha
  3090 | D:4      | Killed Natasha
  3321 | D:4      | Found a sacrificial altar of Ru.
  3458 | D:4      | Became a worshipper of Ru the Awakened
  3509 | D:4      | Found a burning altar of Makhleb.
  3510 | D:4      | Found a radiant altar of Vehumet.
  3531 | D:4      | Reached XP level 6. HP: 42/48 MP: 9/9
  3596 | D:4      | Reached skill level 5 in Long Blades
  3611 | D:4      | Found a sparkling altar of Nemelex Xobeh.
  3630 | D:4      | Found a shadowy altar of Dithmenos.
  3630 | D:4      | Found an ancient bone altar of Kikubaaqudgha.
  3938 | D:5      | Entered Level 5 of the Dungeon
  4061 | D:5      | Noticed Edmund
  4148 | D:5      | Noticed a wyvern
  4172 | D:4      | HP: 1/49 [wyvern (4)]
  4172 | D:4      | Mangled by a wyvern

Illustrated notes

Levels and vault maps discovered:
D:1:      tarquinn_simple_flora_water_f, layout_basic
D:2:      layout_basic, shapermc_ecumenical_altar_venn, uniq_robin
D:3:      layout_basic, uniq_crazy_yiuf_cottage
D:4:      layout_layer_cave, grunt_temple_overflow_lords_of_destruction,
          nicolae_ru_path_of_blood, nicolae_overflow_hidden_temple, minitemple,
          minmay_distorted, uniq_natasha
D:5:      layout_cave_pools, fedhas_bush_and_centaur_altar, serial_shops,
          kennysheep_mini_moat, uniq_edmund

Skill      XL: |  1  2  3  4  5  6 |
---------------+-------------------+-----
Long Blades    | 3 4 5 |  5.3
Fighting       | 3 4 |  4.3
Throwing       | |  1.0
Armour         | |  1.1
Dodging        | |  1.7
Spellcasting   | |  2.1
Translocations | |  2.6

Action                     |  1- 3 |  4- 6 || total
---------------------------+-------+-------++-------
  Melee: Falchion          |    52 |       ||    52
         Dagger            |    54 |   151 ||   205
         Punch             |     1 |     2 ||     3
         Long sword        |       |     1 ||     1
   Fire: Hand cannon       |       |     5 ||     5
  Throw: Dart              |       |     6 ||     6
    Use: Potion            |     3 |     2 ||     5
         Scroll            |       |     1 ||     1
   Stab: Sleeping          |     1 |       ||     1
 Armour: Leather armour    |    24 |       ||    24
         Chain mail        |    36 |    52 ||    88
         Skin              |     2 |       ||     2
         Ring mail         |       |    46 ||    46
  Dodge: Dodged            |    47 |    61 ||   108

Table legend: (Time is in decaauts)
 A = Elapsed time spent in this place.
 B = Non-inter-level travel time spent in this place.
 C = Inter-level travel time spent in this place.
 D = Time resting spent in this place.
 E = Time spent auto-exploring this place.
 F = Levels seen in this place.
 G = Mean time per level.
                   A        B        C        D        E       F      G
               +--------+--------+--------+--------+--------+-----+--------+
         Total |   4161 |   3942 |    219 |    367 |   2873 |   5 |  832.2 |
       Dungeon |   4161 |   3942 |    219 |    367 |   2873 |   5 |  832.2 |
               +--------+--------+--------+--------+--------+-----+--------+

Top non-repeatable levels by time:
     D:4: 1497 daAuts
     D:2: 1180 daAuts
     D:1: 814 daAuts
     D:3: 597 daAuts
     D:5: 72 daAuts
